 Dungeon Crawl Stone Soup version 0.32-a0-995-gb4a59205af (webtiles) character file.

Game seed: 14481638876727071618

108 Bediveer the Shooter (level 4, -2/31 HPs)
             Began as an Octopode Hunter on Apr 22, 2024.
             Slain by a cerulean imp
             ... wielding a +1 spear
             ... summoned by Natasha
              (5 damage)
             ... on level 3 of the Dungeon.
             The game lasted 00:02:49 (2073 turns).

Bediveer the Shooter (Octopode Hunter)              Turns: 2073, Time: 00:02:49

Health: -2/31      AC:  1    Str: 10    XL:     4   Next: 87%
Magic:  4/4        EV: 12    Int: 11    God:
Gold:   99         SH:  0    Dex: 17    Spells: 3/3 levels left

rFire   . . .        a - +0 shortbow
rCold   . . .        (shield currently unavailable)
rNeg    . . .        (helmet restricted)
rPois   .            (no amulet)
rElec   .            d - ring of willpower
rCorr   .            (no ring)
SInv    .            (no ring)
Will    +....        (no ring)
Stlth   +++          (no ring)
HPRegen 0.25/turn    (no ring)
MPRegen 0.09/turn    (no ring)
                     (no ring)

%: no passive effects
@: hasted and slowed
A: almost no armour, amphibious, 8 rings, camouflage 1, gelatinous body 1,
(nimble swimmer 1), tentacles
a: no special abilities


You were on level 3 of the Dungeon.
You visited 1 branch of the dungeon, and saw 3 of its levels.

You collected 99 gold pieces.

Inventory:

Hand Weapons
 a - a +0 shortbow (weapon)
 e - the +8 whip of the Hidden Vale {drain, *Slow rElec rF+ rN++}
   (You found it on level 2 of the Dungeon)

   rF+:       It protects you from fire.
   rElec:     It insulates you from electricity.
   rN++:      It greatly protects you from negative energy.
   *Slow:     It may slow you when you take damage.
Jewellery
 d - a ring of willpower (left tentacle)
Scrolls
 b - a scroll of identify
 f - a scroll of noise
 g - a scroll of revelation
Potions
 h - a potion of brilliance {unknown}


   Skills:
 - Level 3.0 Fighting
 * Level 5.6 Ranged Weapons
 - Level 2.0 Dodging
 - Level 1.3 Stealth


You had 3 spell levels left.
You didn't know any spells.
Your spell library contained the following spells:

 Spells                   Type           Power      Damage    Failure   Level
 Scorch                   Fire           0%         2d5       47%         2
 Teleport Other           Tloc           0%         N/A       71%         3
 Flame Wave               Conj/Fire      0%         2d4       98%         4
 Dispersal                Tloc           0%         N/A       100%        6
 Gell's Gavotte           Tloc           0%         2d(11-16) 100%        6
 Summon Cactus Giant      Summ           0%         N/A       100%        6


Dungeon Overview and Level Annotations

Branches:
Dungeon (3/15)

Altars:
Okawaru

Annotations:
D:3 Natasha, Sigmund


Innate Abilities, Weirdness & Mutations

You cannot wear most types of armour.
You are amphibious.
You can wear up to eight rings at the same time.
Your skin changes colour to match your surroundings (Stealth+).
Your rubbery body absorbs attacks. (AC +1, EV +1)
((You are camouflaged when in or above water. (Stealth+)))
You have tentacles for arms and can constrict up to eight enemies at once.


Message History

Press: ? - help, Shift-Dir - straight line, f - Natasha, p - cerulean imp
Aim: Natasha (56% to hit)
You shoot an arrow. The arrow completely misses Natasha.
Natasha casts a spell at you.
You feel yourself slow down.
Fire: a) +0 shortbow
Press: ? - help, Shift-Dir - straight line, f/p - Natasha
Aim: Natasha (56% to hit)
You shoot an arrow. The arrow hits Natasha.
Natasha is moderately wounded.
The cerulean imp closely misses you.
Fire: a) +0 shortbow
Press: ? - help, Shift-Dir - straight line, f/p - Natasha
Aim: Natasha (moderately wounded, 56% to hit)
Natasha mumbles some strange words.
You see here a +0 whip.
Natasha howls an incantation.
Natasha shimmers violently.
The cerulean imp hits you from afar with a +2 spear.
Fire: a) +0 shortbow
Press: ? - help, Shift-Dir - straight line, f/p - Natasha
Aim: Natasha (moderately wounded, 56% to hit)
You shoot an arrow. The arrow closely misses Natasha.
The cerulean imp misses you. Natasha claws you.
The cerulean imp hits you from afar with a +2 spear!
The cerulean imp attacks as it pursues you!
The cerulean imp closely misses you. Natasha attacks as she pursues you!
Natasha closely misses you.
The cerulean imp attacks as it pursues you!
The cerulean imp completely misses you.
The cerulean imp hits you from afar with a +1 spear.
The cerulean imp hits you from afar with a +2 spear.
Natasha mumbles some strange words.
You feel troubled. Natasha claws you!
* * * LOW HITPOINT WARNING * * *
Okay, then.
It was a potion of haste.
You feel yourself speed up.
The cerulean imp hits you from afar with a +1 spear.
You die...

#.#.#...###.###.
#.#.#.....#.#.. #
#.#.#.....#.#.#.#
#b#.#.....#.#.[.#
#########.#.#.........#
..b.(...#.#.#....##)#.#.#
...b.bb.'...÷..........>#
...bbb.b#.#.#..#..5...#...#
...b.bbb#b#.#...@h5.###.....
...bbbbb#+#+#...........###.
######bbb.....##.######.#⌠#.
#.bb.....+<........ ##.
######.bb)....########..
.......#.<#........
....b..b......#####
.......#..........#
.......#.####.###.#


You could see Natasha and 2 cerulean imps.

Vanquished Creatures
  A hound (D:3)
  3 adders (D:2)
  2 ribbon worms
  2 dart slugs
  An orc (D:3)
  2 ball pythons
  4 bats
  4 endoplasms
  A giant cockroach (D:1)
  4 goblins
  4 hobgoblins
  4 jackals (D:1)
  2 frilled lizards
  3 kobolds
  3 rats
40 creatures vanquished.

Notes
Turn   | Place    | Note
-------+----------+-------------------------------------------
     0 | D:1      | Bediveer the Octopode Hunter began the quest for the Orb.
     0 | D:1      | Reached XP level 1. HP: 14/14 MP: 1/1
   141 | D:1      | Reached XP level 2. HP: 6/19 MP: 2/2
   356 | D:1      | Found a faded altar of an unknown god.
   929 | D:2      | Reached XP level 3. HP: 25/25 MP: 3/3
  1031 | D:2      | Reached skill level 5 in Ranged Weapons
  1031 | D:2      | Reached XP level 4. HP: 24/30 MP: 4/4
  1330 | D:2      | Identified the +8 whip of the Hidden Vale {drain, *Slow
                  | rElec rF+ rN++}
  1658 | D:3      | Found an iron altar of Okawaru.
  1752 | D:3      | Noticed Sigmund
  2063 | D:3      | Noticed Natasha
  2073 | D:3      | Slain by a cerulean imp

Illustrated notes

Levels and vault maps discovered:
D:1:      eino_arrival_druids_welcome, layout_loops_ring,
          dreamdust_ecumenical_altar_hidden_monk_grotto, grunt_decor_junction,
          minmay_parallelograms, hangedman_decor_diamond_cutter,
          minmay_misc_feat_enclosed, hangedman_decor_peaks_small
D:2:      layout_basic, nicolae_the_louvre
D:3:      cheibrodos_pilgrimage, layout_basic, mainiacjoe_overflow_chevrons,
          hex_large, feat_on_display, uniq_natasha, uniq_terence, uniq_sigmund

Skill      XL: |  1  2  3  4 |
---------------+-------------+-----
Ranged Weapons | 5 |  5.6
Fighting       | 3 |  3.0
Dodging        | |  2.0
Stealth        | |  1.3

Action                     |  1- 3 |  4- 6 || total
---------------------------+-------+-------++-------
   Fire: Shortbow          |    77 |    55 ||   132
    Use: Scroll            |     1 |     6 ||     7
         Potion            |       |     1 ||     1
 Armour: Skin              |    33 |    18 ||    51
  Dodge: Dodged            |    17 |    12 ||    29

Table legend: (Time is in decaauts)
 A = Elapsed time spent in this place.
 B = Non-inter-level travel time spent in this place.
 C = Inter-level travel time spent in this place.
 D = Time resting spent in this place.
 E = Time spent auto-exploring this place.
 F = Levels seen in this place.
 G = Mean time per level.
                   A        B        C        D        E       F      G
               +--------+--------+--------+--------+--------+-----+--------+
         Total |   2097 |   1941 |    156 |    249 |   1410 |   3 |  699.0 |
       Dungeon |   2097 |   1941 |    156 |    249 |   1410 |   3 |  699.0 |
               +--------+--------+--------+--------+--------+-----+--------+

Top non-repeatable levels by time:
     D:2: 893 daAuts
     D:1: 889 daAuts
     D:3: 314 daAuts
